 Dungeon Crawl Stone Soup version 0.15-a0-1506-g1b030bc (webtiles) character file.

95 Crauler the Insei (level 4, -2/36 HPs)
             Began as a Draconian Transmuter on June 15, 2014.
             Succumbed to an orc's poison
             ... on Level 3 of the Dungeon.
             The game lasted 00:03:13 (1966 turns).

Crauler the Insei (Draconian Transmuter)            Turns: 1966, Time: 00:03:13

HP  -2/36        AC  5     Str 12      XL: 4   Next: 39%
MP   7/7         EV 13     Int 14      God:
Gold 95          SH  0     Dex 12      Spells:  2 memorised,  3 levels left

rFire  . . .     SeeInvis .       - Unarmed
rCold  . . .     Clarity  .     (armour unavailable)
rNeg   . . .     rCorr    .     (no shield)
rPois  .         rRot     .     (helmet restricted)
rElec  .         Spirit   .     (no cloak)
SustAb .         Warding  .     (no gloves)
rMut   .         Stasis   .     (boots unavailable)
Gourm  .                        (no amulet)
MR     .....                    (no ring)
                                (no ring)

@: lethally poisoned, appendage (expiring), not resistant to hostile
enchantments, very unstealthy
A: unfitting armour, talons 3, cold-blooded, AC +5
a: End Transformation


You were on level 3 of the Dungeon.
You were very hungry.
You had grown temporary talons.
You visited 1 branch of the dungeon, and saw 3 of its levels.

You collected 95 gold pieces.

Inventory:

Missiles
 b - 12 arrows
 q - 14 poisoned needles
 t - 2 steel javelins (quivered)
Comestibles
 a - 2 bread rations
 j - 5 fruits
Scrolls
 c - a scroll of noise {unknown}
 f - a scroll of fear {unknown}
 g - a scroll of immolation {unknown}
 h - 2 scrolls of magic mapping {unknown}
 i - 2 scrolls of identify {unknown}
 l - 2 scrolls of teleportation {unknown}
 o - a scroll of enchant weapon II {unknown}
 r - 2 scrolls of remove curse {unknown}
 s - a scroll of enchant armour {unknown}
Potions
 e - 2 potions of curing
 k - a potion of paralysis {unknown}
 m - a potion of agility {unknown}
 n - 3 potions of heal wounds {unknown}
 p - a potion of haste {unknown}
Books
 d - a book of Changes

   Spells                             Type                      Level
   *Beastly Appendage                 Transmutation                1
   Sticks to Snakes                   Transmutation                2
   *Spider Form                       Transmutation/Poison         3
   Ice Form                           Ice/Transmutation            4
   Blade Hands                        Transmutation                5


   Skills:
 + Level 1.9 Fighting
 * Level 2.8 Dodging
 * Level 3.8 Unarmed Combat
 + Level 2.2 Spellcasting
 * Level 2.4 Transmutations


You had 3 spell levels left.
You knew the following spells:

 Your Spells              Type           Power        Failure   Level  Hunger
a - Beastly Appendage     Trmt           #.....       10%         1    #......
b - Spider Form           Trmt/Pois      #.........   47%         3    ####...


Dungeon Overview and Level Annotations

Branches:
Dungeon (3/15)

Altars:


Innate Abilities, Weirdness & Mutations

Your plain brown scales are hard (AC +5).*
Your body does not fit into most forms of armour.
Your cold-blooded metabolism reacts poorly to cold.*
You have claws for feet.*


Message History

The orc priest is heavily wounded.
Your transformation is almost over.
You feel sick. The orc hits you but does no damage.
You are more poisoned.
The orc priest's eyes start to glow.
You closely miss the orc priest. You claw the orc priest.
The orc priest is severely wounded.
You feel sick.
The hobgoblin hits you but does no damage.
The orc priest invokes the aid of Beogh against you.
Something smites you!
* * * LOW HITPOINT WARNING * * *
The orc hits you with a dagger of venom.
* * * LOW HITPOINT WARNING * * *
You are more poisoned.
The orc priest closely misses you.
You are too injured to fight recklessly!
You hit the hobgoblin.
You kill the hobgoblin!
You die...

###################
#..........oooo.....
#.####.####@####.##
#.# #.# +o%..# #.#
#.# #.#..#
#.##+#.##+#.##+#
#............
#.##+#.##+#.# #.#
#.# #.# # #.# +.+
#.# #.#.####.####.#


You could see 2 orc priests, an orc wizard and 2 orcs.

Vanquished Creatures
  2 adders (D:2)
  A giant mite (D:2)
  An inept item mimic (D:2)
  2 worms
  4 giant geckos
  5 bats
  5 goblins
  3 hobgoblins
  5 jackals (D:2)
  4 kobolds (D:2)
  A ball python (D:2)
  A giant cockroach (D:2)
  3 giant newts
  A quokka (D:2)
  11 rats
49 creatures vanquished.

Notes
Turn   | Place    | Note
--------------------------------------------------------------
     0 | D:1      | Crauler, the Draconian Transmuter, began the quest for the Orb.
     0 | D:1      | Reached XP level 1. HP: 16/16 MP: 3/3
   351 | D:1      | Reached XP level 2. HP: 23/23 MP: 4/4
   851 | D:2      | Reached XP level 3. HP: 26/28 MP: 6/6
   881 | D:2      | Learned a level 3 spell: Spider Form
  1399 | D:2      | Reached XP level 4. HP: 27/36 MP: 7/7
  1965 | D:3      | HP: 1/36 [orc/dagger of venom (3)]
  1966 | D:3      | Succumbed to an orc's poison

Action                   |  1- 3 |  4- 6 || total
-------------------------+-------+-------++-------
Melee: Unarmed           |   123 |    93 ||   216
Throw: Javelin           |       |     1 ||     1
 Cast: Beastly Appendage |       |     1 ||     1
  Use: Potion            |     1 |       ||     1
 Stab: Sleeping          |     1 |       ||     1
